Workbook
Name _Eel1: #REF!
Name _Eel1: #REF!
Name _Eel2: #REF!
Name _Eel2: #REF!
Name _ettevõtja_arengupotentsiaal: #REF!
Name _ettevõtja_arengupotentsiaal: #REF!
Name _Fin1: #REF!
Name _Ju1: #REF!
Name _To1: #REF!
Name _To1: #REF!
Name _To2: #REF!
Name _To2: #REF!
Name _To3: #REF!
Name _To3: #REF!
Name _To4: #REF!
Name _To4: #REF!
Name _To5: #REF!
Name _To5: #REF!
Name _To6: #REF!
Name _To6: #REF!
Name _To7: #REF!
Name _To7: #REF!
Name _Tu1: #REF!
Name _Tu2: #REF!
Name adf: #REF!
Name adf: #REF!
Name adfaf: #REF!
Name adfaf: #REF!
Name E: #REF!
Name f: #REF!
Name f: #REF!
Name fik: #REF!
Name fik: #REF!
Name Fin_koond: #REF!
Name Fin_koond: #REF!
Name hidden10: #REF!
Name hidden4: #REF!
Name hidden5: #REF!
Name hidden6: #REF!
Name hidden8: #REF!
Name hidden9: #REF!
Name Jpk: #REF!
Name Jpk: #REF!
Name Juriidiline_vorm: #REF!
Name juriidline_vorm: #REF!
Name Kfik: #REF!
Name Kfik: #REF!
Name KJpk: #REF!
Name KJpk: #REF!
Name Ktokok: #REF!
Name Ktokok: #REF!
Name Ktotek: #REF!
Name Ktotek: #REF!
Name Ktukok: #REF!
Name Ktukok: #REF!
Name Ktutok: #REF!
Name Ktutok: #REF!
Name Loend10: #REF!
Name Loend15: #REF!
Name Loend15: #REF!

Sheet Üritusel osalejate nimekiri
A1: Üritusel/tegevustes osalejate nimekiri ja kinnitused
A3: Meede: | D3: Loomeettevõtjatele tugiteenuste pakkumise, nende arenguplaanide elluviimise ja ekspordivõimekuse kasvu toetamine: loomeettevõtjatele tugiteenuste pakkumise toetus | J3: {=D3:G5} -> Loomeettevõtjatele tugiteenuste pakkumise, nende arenguplaanide elluviimise ja ekspordivõimekuse kasvu toetamine: loomeettevõtjatele tugiteenuste pakkumise toetus | K3: 0 | L3: 0 | M3: 0
A4: Ürituste/tegevuste nimi: | J4: 0 | K4: 0 | L4: 0 | M4: 0
A5: Ürituse kuupäev: | J5: 0 | K5: 0 | L5: 0 | M5: 0
A6: Abi andmise kuupäev (ürituse toimumise viimane kpv): | J6: {=D6:G16} -> 0 | K6: 0 | L6: 0 | M6: 0
A7: Ürituse abi summa kokku (täitub automaatselt): | D7: =SUM(F16:F115) -> 0 | J7: 0 | K7: 0 | L7: 0 | M7: 0
A8: Kasusaaja kinnitused | J8: 0 | K8: 0 | L8: 0 | M8: 0
A9: 1. Kasusaajad on väikese- ja keskmise suurusega ettevõtjad. Väike- ja keskmise suurusega ettevõtja ehk VKE on ettevõtja, kes vastab grupierandi määruse lisas 1 toodud väike- ja keskmise suurusega ettevõtjale sätestatud kriteeriumidele. Grupierandi määrus Lisa 1 (komisjoni määrus (EL) nr 651/2014) ja EASi koostatud juhend http://www.eas.ee/wp-content/uploads/2015/12/VKE_definitsiooni_selgitus_-_EK_mrus_651-2014_alusel_-_2015.pdf | J9: 0 | K9: 0 | L9: 0 | M9: 0
A10: 2. Kasusaaja ei tegutse vähese tähtsusega abi määruse 2023/2831 (VTA määrus) artikli 1 lõikes 1 välistatud majandusvaldkondades: 1) Euroopa Ühenduse asutamislepingu lisas I loetletud põllumajandustoodete esmane tootmine; 2) VTA määruse artikli 1 lõike 1 punktis c sätestatud tingimustel asutamislepingu I lisas loetletud põllumajandustoodete töötlemine ja turustamine; 3) kalapüük ja vesiviljelus (EMTAK 2008, jagu A, alajagu 03) ning kalade töötlemine (EMTAK 2008, jagu C, alajagu 10) ning neid teenindavad tegevusalad. | J10: 0 | K10: 0 | L10: 0 | M10: 0
A11: 3. Kasusaajale ja kontsernile, millesse kasusaaja kuulub, mis tahes kolme aasta pikkuse ajavahemiku jooksul eraldatud vähese tähtsusega abi ei ületa koos programmi abiga vähese tähtsusega abi ülemmäära 300 000 eurot. | J11: 0 | K11: 0 | L11: 0 | M11: 0
A12: 4. Kasusaaja ei ole raskustes olev ettevõtja Euroopa Komisjoni määruse nr 651/2014 (http://eur-lex.europa.eu/legal-content/ET/TXT/HTML/?uri=CELEX:32014R0651&from=EN) artikkel 2 punkti 18 mõttes, sh kasusaaja või tema üle valitsevat mõju omava isiku suhtes ei ole algatatud likvideerimis-, sundlõpetamis- või pankrotimenetlust ega tehtud pankrotiotsust. | J12: 0 | K12: 0 | L12: 0 | M12: 0
A13: Juhul, kui ettevõtja ei vasta eelpool loetletud tingimustele, siis tuleb üritusel/tegevuses osalemise kulu tasuda ettevõtja poolt. | J13: 0 | K13: 0 | L13: 0 | M13: 0
J14: 0 | K14: 0 | L14: 0 | M14: 0
A15: Nr. | B15: Osaleja nimi | C15: Äriregistri kood | D15: Ettevõtja ärinimi | E15: E-mail | F15: Abi summa osaleja kohta | G15: Allkiri | J15: Ettevõtja ärinimi | K15: E-mail | L15: Abi summa osaleja kohta | M15: Allkiri
A16: 1 | J16: 0 | K16: 0 | L16: 0 | M16: 0
A17: 2
A18: 3
A19: 4
A20: 5
A21: 6
A22: 7
A23: 8
A24: 9
A25: 10
A26: 11
A27: 12
A28: 13
... A115: 100

Sheet Kasusaajate kontroll-leht
A1: Kasusaajate kontrolli kontroll-leht
A3: Meede: | D3: ='Üritusel osalejate nimekiri'!J3 -> Loomeettevõtjatele tugiteenuste pakkumise, nende arenguplaanide elluviimise ja ekspordivõimekuse kasvu toetamine: loomeettevõtjatele tugiteenuste pakkumise toetus
A4: Ürituste/tegevuste nimi: | D4: ='Üritusel osalejate nimekiri'!J4 -> 0
A5: Ürituse kuupäev: | D5: ='Üritusel osalejate nimekiri'!J5 -> 0
A6: Abi andmise kuupäev (täitub automaatselt): | D6: ='Üritusel osalejate nimekiri'!D6 -> 0
A7: Osalejate arv kokku (täitub automaatselt) | D7: =SUM(D16:D115) -> 0
A8: Abi summa kokku (täitub automaatselt) | D8: =SUM(F16:F115) -> 0
A9: Vastavuskontrolli teostaja nimi:
A10: 1. Kasusaaja ettevõtte suurus. Kasusaajad on väikese- ja keskmise suurusega ettevõtjad. Väike- ja keskmise suurusega ettevõtja ehk VKE on ettevõtja, kes vastab grupierandi määruse lisas 1 toodud väike- ja keskmise suurusega ettevõtjale sätestatud kriteeriumidele. Grupierandi määrus Lisa 1 (komisjoni määrus (EL) nr 651/2014) ja EASi koostatud juhend http://www.eas.ee/wp-content/uploads/2015/12/VKE_definitsiooni_selgitus_-_EK_mrus_651-2014_alusel_-_2015.pdf
A11: 2. Kasusaaja ei tegutse vähese tähtsusega abi määruse 2023/2831 (VTA määrus) artikli 1 lõikes 1 välistatud majandusvaldkondades: 1) Euroopa Ühenduse asutamislepingu lisas I loetletud põllumajandustoodete esmane tootmine; 2) VTA määruse artikli 1 lõike 1 punktis c sätestatud tingimustel asutamislepingu I lisas loetletud põllumajandustoodete töötlemine ja turustamine; 3) kalapüük ja vesiviljelus (EMTAK 2008, jagu A, alajagu 03) ning kalade töötlemine (EMTAK 2008, jagu C, alajagu 10) ning neid teenindavad tegevusalad.
A12: 3. Kasusaajale ja kontsernile, millesse kasusaaja kuulub, mis tahes kolme aasta pikkuse ajavahemiku jooksul eraldatud vähese tähtsusega abi ei ületa koos programmi abiga vähese tähtsusega abi ülemmäära 300 000 eurot.
A13: 4. Kasusaaja ei ole raskustes olev ettevõtja Euroopa Komisjoni määruse nr 651/2014 (http://eur-lex.europa.eu/legal-content/ET/TXT/HTML/?uri=CELEX:32014R0651&from=EN) artikkel 2 punkti 18 mõttes, sh kasusaaja või tema üle valitsevat mõju omava isiku suhtes ei ole algatatud likvideerimis-, sundlõpetamis- või pankrotimenetlust ega tehtud pankrotiotsust.
A14: JUHEND: Hallid väljad tabelis täituvad automaatselt pärast lehel "Ürituse osalejate nimekiri" täitmist. Seega soovitame valemide lahtritest mitte kustutada. Täita tuleks valged taustaga lahtrid.
A15: Nr. | B15: Äriregistri kood | C15: Ettevõtja ärinimi | D15: Osalejate arv | E15: E-mail | F15: Abi summa | G15: Kasusaaja kontserni VTA saldo enne ürituse toimumist | H15: 1. (siia lisada ettevõtte suuruse rippmenüü) | I15: 2. | J15: 3. | K15: 4.
A16: ='Üritusel osalejate nimekiri'!A16 -> 1 | B16: =IFERROR(INDEX('Üritusel osalejate nimekiri'!$C$16:$C$115,MATCH(C16,'Üritusel osalejate nimekiri'!$D$16:$D$115,0)),"") | C16: {=IFERROR(_xlfn.UNIQUE(_xlfn._xlws.FILTER('Üritusel osalejate nimekiri'!D16:D115,'Üritusel osalejate nimekiri'!D16:D115<>"")),"")} | D16: =IF(C16="","",(COUNTIF('Üritusel osalejate nimekiri'!$D$16:$D$115,'Kasusaajate kontroll-leht'!C16))) | E16: =IFERROR(VLOOKUP(C16,'Üritusel osalejate nimekiri'!D15:E115,2,0),"") | F16: =SUMIF('Üritusel osalejate nimekiri'!$D$16:$D$115,'Kasusaajate kontroll-leht'!C16,'Üritusel osalejate nimekiri'!$F$16:$F$115) -> 0
A17: ='Üritusel osalejate nimekiri'!A17 -> 2 | B17: =IFERROR(INDEX('Üritusel osalejate nimekiri'!$C$16:$C$115,MATCH(C17,'Üritusel osalejate nimekiri'!$D$16:$D$115,0)),"") | D17: =IF(C17="","",(COUNTIF('Üritusel osalejate nimekiri'!$D$16:$D$115,'Kasusaajate kontroll-leht'!C17))) | E17: =IFERROR(VLOOKUP(C17,'Üritusel osalejate nimekiri'!D16:E116,2,0),"") | F17: =SUMIF('Üritusel osalejate nimekiri'!$D$16:$D$115,'Kasusaajate kontroll-leht'!C17,'Üritusel osalejate nimekiri'!$F$16:$F$115) -> 0
A18: ='Üritusel osalejate nimekiri'!A18 -> 3 | B18: =IFERROR(INDEX('Üritusel osalejate nimekiri'!$C$16:$C$115,MATCH(C18,'Üritusel osalejate nimekiri'!$D$16:$D$115,0)),"") | D18: =IF(C18="","",(COUNTIF('Üritusel osalejate nimekiri'!$D$16:$D$115,'Kasusaajate kontroll-leht'!C18))) | E18: =IFERROR(VLOOKUP(C18,'Üritusel osalejate nimekiri'!D17:E117,2,0),"") | F18: =SUMIF('Üritusel osalejate nimekiri'!$D$16:$D$115,'Kasusaajate kontroll-leht'!C18,'Üritusel osalejate nimekiri'!$F$16:$F$115) -> 0
A19: ='Üritusel osalejate nimekiri'!A19 -> 4 | B19: =IFERROR(INDEX('Üritusel osalejate nimekiri'!$C$16:$C$115,MATCH(C19,'Üritusel osalejate nimekiri'!$D$16:$D$115,0)),"") | D19: =IF(C19="","",(COUNTIF('Üritusel osalejate nimekiri'!$D$16:$D$115,'Kasusaajate kontroll-leht'!C19))) | E19: =IFERROR(VLOOKUP(C19,'Üritusel osalejate nimekiri'!D18:E118,2,0),"") | F19: =SUMIF('Üritusel osalejate nimekiri'!$D$16:$D$115,'Kasusaajate kontroll-leht'!C19,'Üritusel osalejate nimekiri'!$F$16:$F$115) -> 0 | L19: Jah
A20: ='Üritusel osalejate nimekiri'!A20 -> 5 | B20: =IFERROR(INDEX('Üritusel osalejate nimekiri'!$C$16:$C$115,MATCH(C20,'Üritusel osalejate nimekiri'!$D$16:$D$115,0)),"") | D20: =IF(C20="","",(COUNTIF('Üritusel osalejate nimekiri'!$D$16:$D$115,'Kasusaajate kontroll-leht'!C20))) | E20: =IFERROR(VLOOKUP(C20,'Üritusel osalejate nimekiri'!D19:E119,2,0),"") | F20: =SUMIF('Üritusel osalejate nimekiri'!$D$16:$D$115,'Kasusaajate kontroll-leht'!C20,'Üritusel osalejate nimekiri'!$F$16:$F$115) -> 0 | L20: Ei
A21: ='Üritusel osalejate nimekiri'!A21 -> 6 | B21: =IFERROR(INDEX('Üritusel osalejate nimekiri'!$C$16:$C$115,MATCH(C21,'Üritusel osalejate nimekiri'!$D$16:$D$115,0)),"") | D21: =IF(C21="","",(COUNTIF('Üritusel osalejate nimekiri'!$D$16:$D$115,'Kasusaajate kontroll-leht'!C21))) | E21: =IFERROR(VLOOKUP(C21,'Üritusel osalejate nimekiri'!D20:E120,2,0),"") | F21: =SUMIF('Üritusel osalejate nimekiri'!$D$16:$D$115,'Kasusaajate kontroll-leht'!C21,'Üritusel osalejate nimekiri'!$F$16:$F$115) -> 0 | L21: Ei kohaldu
A22: ='Üritusel osalejate nimekiri'!A22 -> 7 | B22: =IFERROR(INDEX('Üritusel osalejate nimekiri'!$C$16:$C$115,MATCH(C22,'Üritusel osalejate nimekiri'!$D$16:$D$115,0)),"") | D22: =IF(C22="","",(COUNTIF('Üritusel osalejate nimekiri'!$D$16:$D$115,'Kasusaajate kontroll-leht'!C22))) | E22: =IFERROR(VLOOKUP(C22,'Üritusel osalejate nimekiri'!D21:E121,2,0),"") | F22: =SUMIF('Üritusel osalejate nimekiri'!$D$16:$D$115,'Kasusaajate kontroll-leht'!C22,'Üritusel osalejate nimekiri'!$F$16:$F$115) -> 0
A23: ='Üritusel osalejate nimekiri'!A23 -> 8 | B23: =IFERROR(INDEX('Üritusel osalejate nimekiri'!$C$16:$C$115,MATCH(C23,'Üritusel osalejate nimekiri'!$D$16:$D$115,0)),"") | D23: =IF(C23="","",(COUNTIF('Üritusel osalejate nimekiri'!$D$16:$D$115,'Kasusaajate kontroll-leht'!C23))) | E23: =IFERROR(VLOOKUP(C23,'Üritusel osalejate nimekiri'!D22:E122,2,0),"") | F23: =SUMIF('Üritusel osalejate nimekiri'!$D$16:$D$115,'Kasusaajate kontroll-leht'!C23,'Üritusel osalejate nimekiri'!$F$16:$F$115) -> 0
A24: ='Üritusel osalejate nimekiri'!A24 -> 9 | B24: =IFERROR(INDEX('Üritusel osalejate nimekiri'!$C$16:$C$115,MATCH(C24,'Üritusel osalejate nimekiri'!$D$16:$D$115,0)),"") | D24: =IF(C24="","",(COUNTIF('Üritusel osalejate nimekiri'!$D$16:$D$115,'Kasusaajate kontroll-leht'!C24))) | E24: =IFERROR(VLOOKUP(C24,'Üritusel osalejate nimekiri'!D23:E123,2,0),"") | F24: =SUMIF('Üritusel osalejate nimekiri'!$D$16:$D$115,'Kasusaajate kontroll-leht'!C24,'Üritusel osalejate nimekiri'!$F$16:$F$115) -> 0
A25: ='Üritusel osalejate nimekiri'!A25 -> 10 | B25: =IFERROR(INDEX('Üritusel osalejate nimekiri'!$C$16:$C$115,MATCH(C25,'Üritusel osalejate nimekiri'!$D$16:$D$115,0)),"") | D25: =IF(C25="","",(COUNTIF('Üritusel osalejate nimekiri'!$D$16:$D$115,'Kasusaajate kontroll-leht'!C25))) | E25: =IFERROR(VLOOKUP(C25,'Üritusel osalejate nimekiri'!D24:E124,2,0),"") | F25: =SUMIF('Üritusel osalejate nimekiri'!$D$16:$D$115,'Kasusaajate kontroll-leht'!C25,'Üritusel osalejate nimekiri'!$F$16:$F$115) -> 0
A26: ='Üritusel osalejate nimekiri'!A26 -> 11 | B26: =IFERROR(INDEX('Üritusel osalejate nimekiri'!$C$16:$C$115,MATCH(C26,'Üritusel osalejate nimekiri'!$D$16:$D$115,0)),"") | D26: =IF(C26="","",(COUNTIF('Üritusel osalejate nimekiri'!$D$16:$D$115,'Kasusaajate kontroll-leht'!C26))) | E26: =IFERROR(VLOOKUP(C26,'Üritusel osalejate nimekiri'!D25:E125,2,0),"") | F26: =SUMIF('Üritusel osalejate nimekiri'!$D$16:$D$115,'Kasusaajate kontroll-leht'!C26,'Üritusel osalejate nimekiri'!$F$16:$F$115) -> 0
A27: ='Üritusel osalejate nimekiri'!A27 -> 12 | B27: =IFERROR(INDEX('Üritusel osalejate nimekiri'!$C$16:$C$115,MATCH(C27,'Üritusel osalejate nimekiri'!$D$16:$D$115,0)),"") | D27: =IF(C27="","",(COUNTIF('Üritusel osalejate nimekiri'!$D$16:$D$115,'Kasusaajate kontroll-leht'!C27))) | E27: =IFERROR(VLOOKUP(C27,'Üritusel osalejate nimekiri'!D26:E126,2,0),"") | F27: =SUMIF('Üritusel osalejate nimekiri'!$D$16:$D$115,'Kasusaajate kontroll-leht'!C27,'Üritusel osalejate nimekiri'!$F$16:$F$115) -> 0
A28: ='Üritusel osalejate nimekiri'!A28 -> 13 | B28: =IFERROR(INDEX('Üritusel osalejate nimekiri'!$C$16:$C$115,MATCH(C28,'Üritusel osalejate nimekiri'!$D$16:$D$115,0)),"") | D28: =IF(C28="","",(COUNTIF('Üritusel osalejate nimekiri'!$D$16:$D$115,'Kasusaajate kontroll-leht'!C28))) | E28: =IFERROR(VLOOKUP(C28,'Üritusel osalejate nimekiri'!D27:E127,2,0),"") | F28: =SUMIF('Üritusel osalejate nimekiri'!$D$16:$D$115,'Kasusaajate kontroll-leht'!C28,'Üritusel osalejate nimekiri'!$F$16:$F$115) -> 0
A29: ='Üritusel osalejate nimekiri'!A29 -> 14 | B29: =IFERROR(INDEX('Üritusel osalejate nimekiri'!$C$16:$C$115,MATCH(C29,'Üritusel osalejate nimekiri'!$D$16:$D$115,0)),"") | D29: =IF(C29="","",(COUNTIF('Üritusel osalejate nimekiri'!$D$16:$D$115,'Kasusaajate kontroll-leht'!C29))) | E29: =IFERROR(VLOOKUP(C29,'Üritusel osalejate nimekiri'!D28:E128,2,0),"") | F29: =SUMIF('Üritusel osalejate nimekiri'!$D$16:$D$115,'Kasusaajate kontroll-leht'!C29,'Üritusel osalejate nimekiri'!$F$16:$F$115) -> 0
A30: ='Üritusel osalejate nimekiri'!A30 -> 15 | B30: =IFERROR(INDEX('Üritusel osalejate nimekiri'!$C$16:$C$115,MATCH(C30,'Üritusel osalejate nimekiri'!$D$16:$D$115,0)),"") | D30: =IF(C30="","",(COUNTIF('Üritusel osalejate nimekiri'!$D$16:$D$115,'Kasusaajate kontroll-leht'!C30))) | E30: =IFERROR(VLOOKUP(C30,'Üritusel osalejate nimekiri'!D29:E129,2,0),"") | F30: =SUMIF('Üritusel osalejate nimekiri'!$D$16:$D$115,'Kasusaajate kontroll-leht'!C30,'Üritusel osalejate nimekiri'!$F$16:$F$115) -> 0
A31: ='Üritusel osalejate nimekiri'!A31 -> 16 | B31: =IFERROR(INDEX('Üritusel osalejate nimekiri'!$C$16:$C$115,MATCH(C31,'Üritusel osalejate nimekiri'!$D$16:$D$115,0)),"") | D31: =IF(C31="","",(COUNTIF('Üritusel osalejate nimekiri'!$D$16:$D$115,'Kasusaajate kontroll-leht'!C31))) | E31: =IFERROR(VLOOKUP(C31,'Üritusel osalejate nimekiri'!D30:E130,2,0),"") | F31: =SUMIF('Üritusel osalejate nimekiri'!$D$16:$D$115,'Kasusaajate kontroll-leht'!C31,'Üritusel osalejate nimekiri'!$F$16:$F$115) -> 0
A32: ='Üritusel osalejate nimekiri'!A32 -> 17 | B32: =IFERROR(INDEX('Üritusel osalejate nimekiri'!$C$16:$C$115,MATCH(C32,'Üritusel osalejate nimekiri'!$D$16:$D$115,0)),"") | D32: =IF(C32="","",(COUNTIF('Üritusel osalejate nimekiri'!$D$16:$D$115,'Kasusaajate kontroll-leht'!C32))) | E32: =IFERROR(VLOOKUP(C32,'Üritusel osalejate nimekiri'!D31:E131,2,0),"") | F32: =SUMIF('Üritusel osalejate nimekiri'!$D$16:$D$115,'Kasusaajate kontroll-leht'!C32,'Üritusel osalejate nimekiri'!$F$16:$F$115) -> 0
A33: ='Üritusel osalejate nimekiri'!A33 -> 18 | B33: =IFERROR(INDEX('Üritusel osalejate nimekiri'!$C$16:$C$115,MATCH(C33,'Üritusel osalejate nimekiri'!$D$16:$D$115,0)),"") | D33: =IF(C33="","",(COUNTIF('Üritusel osalejate nimekiri'!$D$16:$D$115,'Kasusaajate kontroll-leht'!C33))) | E33: =IFERROR(VLOOKUP(C33,'Üritusel osalejate nimekiri'!D32:E132,2,0),"") | F33: =SUMIF('Üritusel osalejate nimekiri'!$D$16:$D$115,'Kasusaajate kontroll-leht'!C33,'Üritusel osalejate nimekiri'!$F$16:$F$115) -> 0
... A115: ='Üritusel osalejate nimekiri'!A115 -> 100 | B115: =IFERROR(INDEX('Üritusel osalejate nimekiri'!$C$16:$C$115,MATCH(C115,'Üritusel osalejate nimekiri'!$D$16:$D$115,0)),"") | D115: =IF(C115="","",(COUNTIF('Üritusel osalejate nimekiri'!$D$16:$D$115,'Kasusaajate kontroll-leht'!C115))) | E115: =IFERROR(VLOOKUP(C115,'Üritusel osalejate nimekiri'!D114:E214,2,0),"") | F115: =SUMIF('Üritusel osalejate nimekiri'!$D$16:$D$115,'Kasusaajate kontroll-leht'!C115,'Üritusel osalejate nimekiri'!$F$16:$F$115) -> 0

Sheet SISi importimise andmed
A1: Andmed SISi importimiseks
A2: Tabel koondab kasusaajate andmed SISi importimise malli kujule. JUHEND TABELI täitmine: 1. Kontrolli, et kõik kasusaajate andmed on vormile tekkinud (valemid on lisatud kuni rida 100). 2. Osalemise tunnus peab igal ettevõttel olema unikaalne. 3. Kui impordite andmeid sündmusele, kuhu juba on varasemalt ettevõtteid lisatud siis muutke uute ettevõtete tunnused selliselt, et need ei kattuks juba sündmusele lisatud ettevõtetega. Näiteks kui sündmusel on ettevõtted, mille tunnused on 1-10 siis alustage uute ettevõtete lisamisel osalemise tunnust 11-st. 4. Halli taustaga välju (C, D, E, K, M, N veerg) ei ole vaja täita. SIS täidab need väljad ise Äriregistri andmete alusel. SISi importfaili andmete kopeerimine: 1. Salvesta enda arvutisse Sündmuste Infosüsteemist (SIS) sündmuse lehelt „Ettevõtted“ impordi mall. 2. Kopeeri antud tabelist andme SISi impordi mallile. NB! Kasuta kopeerimisel funktsiooni „Values“, et kopeeriksite ainult andmed, mitte valemid.
A3: Osalemise tunnus | B3: Registrikood | C3: Ettevõtte nimi | D3: Asutamise kuupäev | E3: Riik | F3: Staatus | G3: Eemaldamise kuupäev | H3: Eemaldamise kommentaar | I3: Ettevõtte suurus | J3: Toetuse andmise/tegevusel osalemise kuupäev | K3: Ettevõtte vanus | L3: Mitterahalist toetust saavad ettevõtjad | M3: VKEd, kellel on suurem lisandväärtus töötaja kohta | N3: Tulemusnäitaja mõõtmise kuupäev
A4: 1 | B4: ='Kasusaajate kontroll-leht'!B16 | F4: Väljumise ootel | I4: =INDEX('Kasusaajate kontroll-leht'!H16:H45,MATCH('SISi importimise andmed'!B4,'Kasusaajate kontroll-leht'!C16,0)) -> 0 | J4: ='Kasusaajate kontroll-leht'!$D$6 -> 0 | L4: Jah
A5: 2 | B5: ='Kasusaajate kontroll-leht'!B17 | F5: Väljumise ootel | I5: =INDEX('Kasusaajate kontroll-leht'!H17:H46,MATCH('SISi importimise andmed'!B5,'Kasusaajate kontroll-leht'!C17,0)) -> #N/A | J5: ='Kasusaajate kontroll-leht'!$D$6 -> 0 | L5: Jah
A6: 3 | B6: ='Kasusaajate kontroll-leht'!B18 | F6: Väljumise ootel | I6: =INDEX('Kasusaajate kontroll-leht'!H18:H47,MATCH('SISi importimise andmed'!B6,'Kasusaajate kontroll-leht'!C18,0)) -> #N/A | J6: ='Kasusaajate kontroll-leht'!$D$6 -> 0 | L6: Jah
A7: 4 | B7: ='Kasusaajate kontroll-leht'!B19 | F7: Väljumise ootel | I7: =INDEX('Kasusaajate kontroll-leht'!H19:H48,MATCH('SISi importimise andmed'!B7,'Kasusaajate kontroll-leht'!C19,0)) -> #N/A | J7: ='Kasusaajate kontroll-leht'!$D$6 -> 0 | L7: Jah
A8: 5 | B8: ='Kasusaajate kontroll-leht'!B20 | F8: Väljumise ootel | I8: =INDEX('Kasusaajate kontroll-leht'!H20:H49,MATCH('SISi importimise andmed'!B8,'Kasusaajate kontroll-leht'!C20,0)) -> #N/A | J8: ='Kasusaajate kontroll-leht'!$D$6 -> 0 | L8: Jah
A9: 6 | B9: ='Kasusaajate kontroll-leht'!B21 | F9: Väljumise ootel | I9: =INDEX('Kasusaajate kontroll-leht'!H21:H50,MATCH('SISi importimise andmed'!B9,'Kasusaajate kontroll-leht'!C21,0)) -> #N/A | J9: ='Kasusaajate kontroll-leht'!$D$6 -> 0 | L9: Jah
A10: 7 | B10: ='Kasusaajate kontroll-leht'!B22 | F10: Väljumise ootel | I10: =INDEX('Kasusaajate kontroll-leht'!H22:H51,MATCH('SISi importimise andmed'!B10,'Kasusaajate kontroll-leht'!C22,0)) -> #N/A | J10: ='Kasusaajate kontroll-leht'!$D$6 -> 0 | L10: Jah
A11: 8 | B11: ='Kasusaajate kontroll-leht'!B23 | F11: Väljumise ootel | I11: =INDEX('Kasusaajate kontroll-leht'!H23:H52,MATCH('SISi importimise andmed'!B11,'Kasusaajate kontroll-leht'!C23,0)) -> #N/A | J11: ='Kasusaajate kontroll-leht'!$D$6 -> 0 | L11: Jah
A12: 9 | B12: ='Kasusaajate kontroll-leht'!B24 | F12: Väljumise ootel | I12: =INDEX('Kasusaajate kontroll-leht'!H24:H53,MATCH('SISi importimise andmed'!B12,'Kasusaajate kontroll-leht'!C24,0)) -> #N/A | J12: ='Kasusaajate kontroll-leht'!$D$6 -> 0 | L12: Jah
A13: 10 | B13: ='Kasusaajate kontroll-leht'!B25 | F13: Väljumise ootel | I13: =INDEX('Kasusaajate kontroll-leht'!H25:H54,MATCH('SISi importimise andmed'!B13,'Kasusaajate kontroll-leht'!C25,0)) -> #N/A | J13: ='Kasusaajate kontroll-leht'!$D$6 -> 0 | L13: Jah
A14: 11 | B14: ='Kasusaajate kontroll-leht'!B26 | F14: Väljumise ootel | I14: =INDEX('Kasusaajate kontroll-leht'!H26:H55,MATCH('SISi importimise andmed'!B14,'Kasusaajate kontroll-leht'!C26,0)) -> #N/A | J14: ='Kasusaajate kontroll-leht'!$D$6 -> 0 | L14: Jah
A15: 12 | B15: ='Kasusaajate kontroll-leht'!B27 | F15: Väljumise ootel | I15: =INDEX('Kasusaajate kontroll-leht'!H27:H56,MATCH('SISi importimise andmed'!B15,'Kasusaajate kontroll-leht'!C27,0)) -> #N/A | J15: ='Kasusaajate kontroll-leht'!$D$6 -> 0 | L15: Jah
... A103: 100 | B103: ='Kasusaajate kontroll-leht'!B115 | F103: Väljumise ootel | I103: =INDEX('Kasusaajate kontroll-leht'!H115:H144,MATCH('SISi importimise andmed'!B103,'Kasusaajate kontroll-leht'!C115,0)) -> #N/A | J103: ='Kasusaajate kontroll-leht'!$D$6 -> 0 | L103: Jah

Sheet Raskustes olev ettevõte
A1: Raskustes oleva ettevõtte hindamine
A2: Ettevõtte liik:
A4: Finantsnäitajad täitmiseks | C4: Väärtused (sisestada!)
A5: Näitaja | B5: Andmete allikas | C5: Eelnev majandusaasta | D5: Eelnev majandusaasta -1
A6: Vara kokku | B6: Bilanss "Aktiva/Vara kokku" või "Passiva/Kohustised ja omakapital"
A7: Osa- või aktsiakapital | B7: Bilanss "Osa- või aktsiakapital"
A8: Omakapital või netovara kokku | B8: Bilanss "Kokku omakapital"
A9: Kasum (kahjum) enne tulumaksustamist | B9: Kasumiaruanne "Kasum (kahjum) enne tulumaksustamist"
A10: Aruande aasta põhivara kulum | B10: Kasumiaruanne "Põhivara kulum ja selle väärtuse langus"
A11: Intressikulud | B11: Kasumiaruanne või Lisad "Intressikulud"
B13: Tulemused Ettevõte on raskustes siis, kui mõlemal aastal on kõik näitajad punased (avaliku ja kolmanda sektori puhul kõige alumine näitaja ei kohaldu!). Rida 20 vaatame eraldi.
B14: Üle-eelmine majandusaasta
A15: Hindame suurettevõtjal | B15: Finantsvõimendus: Võla suhe omakapitali > 7,5 | C15: =(D6-D8)/D8 -> #DIV/0!
A16: Hindame suurettevõtjal | B16: EBITDA suhe intressimaksete kattevarasse < 1 | C16: =IF(OR(D9="",D10="",D11=""),"Tabel täitmata",IF(OR(D10>0,D11>0),"Kontrolli alusandmeid",IF(AND(D10<=0,D11<=0,(D9-D10)>0),IF(D11<0,(D9-D10)/ABS(D11),"Ettevõttel ei ole intressikulu ja EBIDTA > 0"),IF((D9-D10)<0,IF(D11=0,"Ettevõtte EBIDTA < 0, aga intressikulu ei ole","Ettevõtte EBIDTA < 0 ja tal on intressikulu"),IF(AND((D9-D10)=0,D11=0),"Ettevõtte EBIDTA = 0, aga intressikulu ei ole","Ettevõtte EBIDTA = 0 ja tal on intressikulu"))))) -> Tabel täitmata
B17: Eelmine majandusaasta
A18: Hindame suurettevõtjal | B18: Finantsvõimendus: Võla suhe omakapitali > 7,5 | C18: =(C6-C8)/C8 -> #DIV/0!
A19: Hindame suurettevõtjal | B19: EBITDA suhe intressimaksete kattevarasse < 1 | C19: =IF(OR(C9="",C10="",C11=""),"Tabel täitmata",IF(OR(C10>0,C11>0),"Kontrolli alusandmeid",IF(AND(C10<=0,C11<=0,(C9-C10)>0),IF(C11<0,(C9-C10)/ABS(C11),"Ettevõttel ei ole intressikulu ja EBIDTA > 0"),IF((C9-C10)<0,IF(C11=0,"Ettevõtte EBIDTA < 0, aga intressikulu ei ole","Ettevõtte EBIDTA < 0 ja tal on intressikulu"),IF(AND((C9-C10)=0,C11=0),"Ettevõtte EBIDTA = 0, aga intressikulu ei ole","Ettevõtte EBIDTA = 0 ja tal on intressikulu"))))) -> Tabel täitmata
A20: Hindame suurettevõtjal ja üle 3.a vanusel VKEl (ainult AS, OÜ, täis- ja usaldusühing) | B20: Netovara suhe osa- või aktsiakapitali <0,5 | C20: =IF(OR(B2="KOV",B2="SA"),"ei hinda",C8/C7) -> #DIV/0!

Sheet Eelmise töölehe juhend
B2: 1. Esmalt tuleks täita ära read 5.-7. ehk bilansiga seotud kirjed.
B3: 2. Suurettevõtete ja üle kolme aasta vanade VKE'de (ainult AS, OÜ, täis- ja usaldusühingu) puhul vaatame esmalt rea 19 tulemust. Kui "netovara suhe osa- või aktsiakapitali" on alla 0,5, siis rohkem edasi ei vaata (lahter läheb punaseks), sest ettevõte on raskustes. Sihtasutuste ja KOVide puhul rida 19 ei vaata, sellisel juhul mine järgmise sammu juurde. Kui lahter on AS, OÜ, täis- või usaldusühingu puhul roheline, siis liigu järgmise sammu juurde.
B4: 3. Vaata ridasid 14 ja 17, kui üks neist ridadest on roheline, siis rohkem edasi ei pea minema ja ettevõte ei ole raskustes. Kui mõlemad näitajad on punases, siis tuleb minna järgmiste sammude juurde.
B5: 4. Täida rida 8 vastavalt kasumiaruandele
B6: 5. Täida rida 9 vastavalt kasumiaruandele kui kasumiaruandes ei ole rida "Põhivara kulum ja selle väärtuse langus", siis otsi kas on olemas lisad "Materiaalne põhivara" ja "Immateriaalne põhivara", sellisel juhul vaata "põhivara juhendit."
B7: 6. Täida rida 10 vastavalt kasumiaruandele kui kasumiaruandes ei ole rida "Intressikulud", siis vaata lehte "Intresside juhend"
B8: 7. Kontrolli ridade 15 ja 18 värvust. Kui rida 15 ja 18 mõlemad on punased, siis tegemist raskuses ettevõttega. Kui üks lahtritest roheline, siis ei ole ettevõte raskustes.

Sheet Põhivara juhend (lukustatud)
A2: Näeme, et kasumiaruandes ei ole põhivara kulumit.
A23: Otsime ülesse lisad "Materiaalsed põhivarad" ning "Immateriaalsed põhivarad". Ettevõtetel tihti on materiaalsed põhivarad, aga immateriaalseid põhivarasid ei ole.
A24: Otsime ülesse read amortisatsioonikulu. Immateeriaalse põhivara puhul on näha, et amortisatsioonikulu ei ole. Selle põhjuseks on antud juhul see, et vara on täielikult amortiseerunud, aga selle põhjuseks võib ka olla see, et antud varaklassi raamatupidamisreeglite järgi ei amortiseerita.
A54: Praegusel juhul läheks esimesse tabellise vasakule -1000 ja paremale -2000. Pane tähele, et numbrid on antud tuhandetes eurodes.

Sheet Intresside juhend (lukustatud)
A1: Kui ettevõtte kasumiaruandes ei ole eraldi rida intressikulud, vaid on muud finantstulud ja -kulud nagu siin:
A5: Antud juhul on eraldi olemas muud finantstulud ja -kulud lisa (lisa nr 17) ning saame vaadata, kas seal on toodud intressikulud
A18: Kui intressikulud ei ole kasumiaruandes eraldi kajastatud ning finantstulude ja -kulude lisa ei ole, siis tuleb kasutada laenukohustiste lisa.
A19: All on toodud näide kuidas arvutada ligikaudset intressikulu.
G21: Intressikulud:
B22: Laenusumma | C22: Intressimäär | D22: Lõpptähtaeg | E22: Huvipakkuvad aastad: | G22: =E23 -> 2016 | H22: =F23 -> 2015
B23: 115847 | C23: 0.0335 | D23: 42988 | E23: 2016 | F23: 2015 | G23: =-IF($D23<=DATE($E23,12,31),(365+$D23-DATE($E23,12,31))/365*$C23*$B23,$C23*$B23) -> -3880.8745 | H23: =-IF($D23<=DATE($F23,12,31),(365+$D23-DATE($F23,12,31))/365*$C23*$B23,$C23*$B23) -> -3880.8745
G46: =SUM(G23:G45) -> -3880.8745 | H46: =SUM(H23:H45) -> -3880.8745 | I46: <- need numbrid läheksid praegusel juhul tabelisse
A48: Kui ettevõttel ei ole laenukohusti ning intressikulusid, siis täida pealehel tabelis intressikulu lahtrid 0'iga.

Sheet Laenude lisa tööriist
A1: Kui intressikulud ei ole kasumiaruandes eraldi kajastatud ning finantstulude ja -kulude lisa ei ole, siis tuleb kasutada laenukohustiste lisa.
G2: Intressikulud:
B3: Laenusumma | C3: Intressimäär | D3: Lõpptähtaeg | E3: Huvipakkuvad aastad: | G3: =E4 -> 2017 | H3: =F4 -> 2016
B4: 115847 | C4: 0.0335 | D4: 42988 | E4: 2017 | F4: 2016 | G4: =-IF($D4<=DATE($E4,12,31),(365+$D4-DATE($E4,12,31))/365*$C4*$B4,$C4*$B4) -> -2690.0308 | H4: =-IF($D4<=DATE($F4,12,31),(365+$D4-DATE($F4,12,31))/365*$C4*$B4,$C4*$B4) -> -3880.8745
G27: =SUM(G4:G26) -> -2690.0308 | H27: =SUM(H4:H26) -> -3880.8745

Sheet peidetud
B1: Mikroettevõte
B2: Väikeettevõte
B3: Keskmine ettevõte
B4: Suurettevõte
